TOP OF THE 1ST |
Pawtucket Paw Sox batting - Pitching for Manchester Fisher Cats : RHP Mitch Cook
|
Pitching: RHP Mitch Cook
|
|
Batting: LHB Dave Haberle
|
0-0: Ball 1-0: SINGLE (Groundball, 56D, EV 95.0 MPH)
|
Batting: RHB Robert Duran
|
0-0: Foul Ball, location: 2F 0-1: Ball 1-1: Fly out, F9 (Flyball, 9LM, EV 92.5 MPH)
|
Batting: LHB Jeff Stone
|
0-0: Called Strike 0-1: Foul Ball, location: 2F 0-2: Ball 1-2: Foul Ball, location: 2F 1-2: Foul Ball, location: 2F 1-2: Foul Ball, location: 2F 1-2: Ball 2-2: Foul Ball, location: 2F 2-2: Fly out, F7 (Flyball, 78D, EV 101.9 MPH)
|
Batting: RHB Dave Malpeso
|
0-0: Ball 1-0: Foul Ball, location: 2F 1-1: Ball 2-1: Fielders Choice at 2nd, 6-4 (Groundball, 6, EV 86.9 MPH)
|
Top of the 1st over - 0 runs, 1 hit, 0 errors, 1 left on base; Pawtucket 0 - Manchester 0 |
BOTTOM OF THE 1ST |
Manchester Fisher Cats batting - Pitching for Pawtucket Paw Sox : LHP John Hobbs
|
Pitching: LHP John Hobbs
|
|
Batting: RHB Kevin Darst
|
0-0: Ball 1-0: Called Strike 1-1: Ball 2-1: Ball 3-1: Base on Balls
|
Batting: LHB Tim Derryberry
|
0-0: Called Strike 0-1: Ball 1-1: Ball 2-1: Ball 3-1: Foul Ball, location: 2F 3-2: Foul Ball, location: 2F 3-2: SINGLE (Groundball, 4S, EV 66.9 MPH) (infield hit) Kevin Darst to second
|
Batting: SHB Stan Javier
|
0-0: Ball 1-0: Ball 2-0: Called Strike 2-1: Foul Ball, location: 2F 2-2: Strikes out swinging
|
Batting: LHB Carlos Cabassa
|
0-0: Ball 1-0: Foul Ball, location: 2F 1-1: Swinging Strike 1-2: Ball 2-2: Strikes out swinging
|
Batting: LHB Steve Hammond
|
0-0: Ground out 4-3 (Groundball, 4, EV 108.8 MPH)
|
Bottom of the 1st over - 0 runs, 1 hit, 0 errors, 2 left on base; Pawtucket 0 - Manchester 0 |
TOP OF THE 2ND |
Pawtucket Paw Sox batting - Pitching for Manchester Fisher Cats : RHP Mitch Cook
|
Batting: RHB Brick Smith
|
0-0: Called Strike 0-1: Swinging Strike 0-2: Foul Ball, location: 2F 0-2: Strikes out looking
|
Batting: LHB David Wiggins
|
0-0: Called Strike 0-1: Foul Ball, location: 2F 0-2: Foul Ball, location: 2F 0-2: Foul Ball, location: 2F 0-2: Foul Ball, location: 2F 0-2: Strikes out swinging
|
Batting: LHB Steven Blackman
|
0-0: Called Strike 0-1: Ball 1-1: Foul Ball, location: 2F 1-2: Strikes out swinging
|
Top of the 2nd over - 0 runs, 0 hits, 0 errors, 0 left on base; Pawtucket 0 - Manchester 0 |
BOTTOM OF THE 2ND |
Manchester Fisher Cats batting - Pitching for Pawtucket Paw Sox : LHP John Hobbs
|
Batting: SHB Danny Hernandez
|
0-0: Swinging Strike 0-1: Ground out 4-3 (Groundball, 4, EV 106.3 MPH)
|
Batting: LHB Mel Hall
|
0-0: Called Strike 0-1: Ball 1-1: Ground out 4-3 (Groundball, 4, EV 81.9 MPH)
|
Batting: RHB Tony Stevens
|
0-0: Called Strike 0-1: Fly out, F4 (Popup, 13, EV 82.5 MPH)
|
Bottom of the 2nd over - 0 runs, 0 hits, 0 errors, 0 left on base; Pawtucket 0 - Manchester 0 |
TOP OF THE 3RD |
Pawtucket Paw Sox batting - Pitching for Manchester Fisher Cats : RHP Mitch Cook
|
Batting: RHB Gary Hargis
|
0-0: Fly out, F8 (Flyball, 8RD, EV 85.6 MPH)
|
Batting: RHB Lenny Faedo
|
0-0: Ball 1-0: Ground out 5-3 (Groundball, 56, EV 88.8 MPH)
|
Batting: LHB Dave Haberle
|
0-0: Called Strike 0-1: Ball 1-1: Fly out, F9 (Flyball, 9S, EV 91.9 MPH)
|
Top of the 3rd over - 0 runs, 0 hits, 0 errors, 0 left on base; Pawtucket 0 - Manchester 0 |
BOTTOM OF THE 3RD |
Manchester Fisher Cats batting - Pitching for Pawtucket Paw Sox : LHP John Hobbs
|
Batting: RHB Reymundo Estevez
|
0-0: Ball 1-0: Ball 2-0: Called Strike 2-1: Foul Ball, location: 2F 2-2: Ball 3-2: Base on Balls
|
Batting: RHB Kevin Darst
|
0-0: Foul Ball, location: 2F 0-1: Fly out, F7 (Flyball, 7LD, EV 103.8 MPH)
|
Batting: LHB Tim Derryberry
|
0-0: Called Strike 0-1: Ball 1-1: Ball 2-1: Ball 3-1: Base on Balls Reymundo Estevez to second
|
Batting: SHB Stan Javier
|
0-0: Called Strike 0-1: Ball 1-1: Ball 2-1: Ball 3-1: Foul Ball, location: 2F 3-2: Base on Balls Reymundo Estevez to third Tim Derryberry to second
|
Batting: LHB Carlos Cabassa
|
0-0: Ball 1-0: Called Strike 1-1: Ball 2-1: Foul Ball, location: 2F 2-2: Ball 3-2: Grounds into double play, 4-6-3 (Groundball, 4, EV 90.0 MPH)
|
Bottom of the 3rd over - 0 runs, 0 hits, 0 errors, 2 left on base; Pawtucket 0 - Manchester 0 |
TOP OF THE 4TH |
Pawtucket Paw Sox batting - Pitching for Manchester Fisher Cats : RHP Mitch Cook
|
Batting: RHB Robert Duran
|
0-0: Called Strike 0-1: Ball 1-1: Foul Ball, location: 2F 1-2: Fly out, F7 (Flyball, 78M, EV 91.3 MPH)
|
Batting: LHB Jeff Stone
|
0-0: Ball 1-0: Swinging Strike 1-1: Ball 2-1: SINGLE (Groundball, 34S, EV 74.4 MPH) (infield hit)
|
Batting: RHB Dave Malpeso
|
0-0: Ball 1-0: Called Strike 1-1: Ball 2-1: Ball 3-1: Swinging Strike 3-2: Strikes out looking
|
Batting: RHB Brick Smith
|
0-0: Called Strike 0-1: Foul Ball, location: 2F 0-2: Ball 1-2: Fly out, F9 (Flyball, 89M, EV 88.1 MPH)
|
Top of the 4th over - 0 runs, 1 hit, 0 errors, 1 left on base; Pawtucket 0 - Manchester 0 |
BOTTOM OF THE 4TH |
Manchester Fisher Cats batting - Pitching for Pawtucket Paw Sox : LHP John Hobbs
|
Batting: LHB Steve Hammond
|
0-0: Foul Ball, location: 2F 0-1: Called Strike 0-2: Strikes out looking
|
Batting: SHB Danny Hernandez
|
0-0: Ball 1-0: Fly out, F7 (Flyball, 7, EV 90.0 MPH)
|
Batting: LHB Mel Hall
|
0-0: Swinging Strike 0-1: Ball 1-1: Fly out, F8 (Flyball, 8LD, EV 95.6 MPH)
|
Bottom of the 4th over - 0 runs, 0 hits, 0 errors, 0 left on base; Pawtucket 0 - Manchester 0 |
TOP OF THE 5TH |
Pawtucket Paw Sox batting - Pitching for Manchester Fisher Cats : RHP Mitch Cook
|
Batting: LHB David Wiggins
|
0-0: SINGLE (Line Drive, 8LS, EV 98.8 MPH)
|
Batting: LHB Steven Blackman
|
Pickoff Throw to First - Out! 1-3 0-0: Ball 1-0: SINGLE (Line Drive, 8RM, EV 103.1 MPH)
|
Batting: RHB Gary Hargis
|
0-0: Called Strike 0-1: Called Strike 0-2: Strikes out swinging
|
Batting: RHB Lenny Faedo
|
0-0: Ball 1-0: Ball 2-0: Ball 3-0: Called Strike 3-1: Base on Balls Steven Blackman to second
|
Batting: LHB Dave Haberle
|
0-0: Ball 1-0: Ball 2-0: Called Strike 2-1: Ball 3-1: Called Strike 3-2: Foul Ball, location: 2F 3-2: Foul Ball, location: 2F 3-2: Base on Balls Steven Blackman to third Lenny Faedo to second
|
Batting: RHB Robert Duran
|
0-0: Foul Ball, location: 2F 0-1: Ball 1-1: Ball 2-1: SINGLE (Groundball, 56S, EV 65.0 MPH) (infield hit) Steven Blackman scores Lenny Faedo to third Dave Haberle to second
|
Batting: LHB Jeff Stone
|
0-0: Called Strike 0-1: Ball 1-1: Ball 2-1: Called Strike 2-2: Strikes out swinging
|
Top of the 5th over - 1 run, 3 hits, 0 errors, 3 left on base; Pawtucket 1 - Manchester 0 |
BOTTOM OF THE 5TH |
Manchester Fisher Cats batting - Pitching for Pawtucket Paw Sox : LHP John Hobbs
|
Batting: RHB Tony Stevens
|
0-0: Ball 1-0: Ball 2-0: Swinging Strike 2-1: Ball 3-1: Foul Ball, location: 2F 3-2: Base on Balls
|
Batting: RHB Reymundo Estevez
|
0-0: Bunted foul 0-1: Sac Bunt to 23 - play at second, runner OUT! 3-6
|
Batting: RHB Kevin Darst
|
0-0: Ball 1-0: Ball 2-0: Foul Ball, location: 2F 2-1: Ball 3-1: Grounds into double play, 4-6-3 (Groundball, 34, EV 101.3 MPH)
|
Bottom of the 5th over - 0 runs, 0 hits, 0 errors, 0 left on base; Pawtucket 1 - Manchester 0 |
TOP OF THE 6TH |
Pawtucket Paw Sox batting - Pitching for Manchester Fisher Cats : RHP Mitch Cook
|
Batting: RHB Dave Malpeso
|
0-0: Called Strike 0-1: SINGLE (Groundball, 34D, EV 100.0 MPH)
|
Batting: RHB Brick Smith
|
0-0: Ball 1-0: Foul Ball, location: 2F 1-1: Foul Ball, location: 2F 1-2: Ball 2-2: Fielders Choice at 2nd, 4-6 (Groundball, 4, EV 85.6 MPH)
|
Batting: LHB David Wiggins
|
0-0: Ball 1-0: Foul Ball, location: 2F 1-1: Foul Ball, location: 2F 1-2: Strikes out swinging
|
Batting: LHB Steven Blackman
|
0-0: Ball 1-0: Ball 2-0: Foul Ball, location: 2F 2-1: Ball 3-1: Foul Ball, location: 2F 3-2: Fly out, F9 (Flyball, 89S, EV 86.3 MPH)
|
Top of the 6th over - 0 runs, 1 hit, 0 errors, 1 left on base; Pawtucket 1 - Manchester 0 |
BOTTOM OF THE 6TH |
Manchester Fisher Cats batting - Pitching for Pawtucket Paw Sox : LHP John Hobbs
|
Batting: LHB Tim Derryberry
|
0-0: Foul Ball, location: 2F 0-1: Foul Ball, location: 2F 0-2: Ball 1-2: Ball 2-2: Foul Ball, location: 2F 2-2: Fly out, F8 (Flyball, 8RM, EV 83.8 MPH)
|
Batting: SHB Stan Javier
|
0-0: Called Strike 0-1: Fly out, F3 (Popup, 3SF, EV 83.1 MPH)
|
Batting: LHB Carlos Cabassa
|
0-0: Foul Ball, location: 2F 0-1: Ball 1-1: Ball 2-1: Ball 3-1: Base on Balls
|
Batting: LHB Steve Hammond
|
0-0: Ball 1-0: Ball 2-0: Ball 3-0: Base on Balls Carlos Cabassa to second
|
Batting: SHB Danny Hernandez
|
0-0: Ball 1-0: Swinging Strike 1-1: Ball 2-1: Ball 3-1: Base on Balls Carlos Cabassa to third Steve Hammond to second
|
Batting: LHB Mel Hall
|
0-0: Swinging Strike 0-1: Ball 1-1: Foul Ball, location: 2F 1-2: Ball 2-2: Fly out, F4 (Flyball, 34D, EV 80.6 MPH)
|
Bottom of the 6th over - 0 runs, 0 hits, 0 errors, 3 left on base; Pawtucket 1 - Manchester 0 |
TOP OF THE 7TH |
Pawtucket Paw Sox batting - Pitching for Manchester Fisher Cats : RHP Mitch Cook
|
Batting: RHB Gary Hargis
|
0-0: Ball 1-0: Ball 2-0: Ball 3-0: Base on Balls
|
Batting: RHB Lenny Faedo
|
0-0: Ball 1-0: Ball 2-0: Called Strike Gary Hargis is caught stealing 2nd base 2-4 2-1: Foul Ball, location: 2F 2-2: Ball 3-2: Fly out, F7 (Flyball, 7LD, EV 83.1 MPH)
|
Batting: LHB Dave Haberle
|
0-0: Ball 1-0: Foul Ball, location: 2F 1-1: Ball 2-1: Ball 3-1: Ground out 3-1 (Groundball, 34, EV 102.5 MPH)
|
Top of the 7th over - 0 runs, 0 hits, 0 errors, 0 left on base; Pawtucket 1 - Manchester 0 |
BOTTOM OF THE 7TH |
Manchester Fisher Cats batting - Pitching for Pawtucket Paw Sox : LHP John Hobbs
|
Batting: RHB Tony Stevens
|
0-0: Ball 1-0: Fly out, F1 (Line Drive, P, EV 68.8 MPH)
|
Batting: RHB Reymundo Estevez
|
0-0: Called Strike 0-1: Ball 1-1: Ground out 5-3 (Groundball, 5, EV 77.5 MPH)
|
Batting: RHB Kevin Darst
|
0-0: Foul Ball, location: 2F 0-1: Ground out 6-3 (Groundball, 6, EV 101.3 MPH)
|
Bottom of the 7th over - 0 runs, 0 hits, 0 errors, 0 left on base; Pawtucket 1 - Manchester 0 |
TOP OF THE 8TH |
Pawtucket Paw Sox batting - Pitching for Manchester Fisher Cats : RHP Mitch Cook
|
Pitching: RHP Stephen Marsden
|
|
Batting: RHB Robert Duran
|
0-0: Ball 1-0: Called Strike 1-1: Swinging Strike 1-2: Ball 2-2: Foul Ball, location: 2F 2-2: Strikes out looking
|
Batting: LHB Jeff Stone
|
0-0: Called Strike 0-1: Ball 1-1: Ball 2-1: Fly out, F8 (Flyball, 8LD, EV 88.8 MPH)
|
Batting: RHB Dave Malpeso
|
0-0: Ball 1-0: Ball 2-0: Foul Ball, location: 2F 2-1: Ball 3-1: Called Strike 3-2: Ground out 5-3 (Groundball, 56, EV 82.5 MPH)
|
Top of the 8th over - 0 runs, 0 hits, 0 errors, 0 left on base; Pawtucket 1 - Manchester 0 |
BOTTOM OF THE 8TH |
Manchester Fisher Cats batting - Pitching for Pawtucket Paw Sox : LHP John Hobbs
|
Batting: LHB Tim Derryberry
|
0-0: Called Strike 0-1: Ball 1-1: Swinging Strike 1-2: Foul Ball, location: 2F 1-2: Strikes out looking
|
Batting: SHB Stan Javier
|
0-0: Ball 1-0: Swinging Strike 1-1: Called Strike 1-2: Strikes out swinging
|
Batting: LHB Carlos Cabassa
|
0-0: Ball 1-0: Ball 2-0: Swinging Strike 2-1: Foul Ball, location: 2F 2-2: Strikes out swinging
|
Bottom of the 8th over - 0 runs, 0 hits, 0 errors, 0 left on base; Pawtucket 1 - Manchester 0 |
TOP OF THE 9TH |
Pawtucket Paw Sox batting - Pitching for Manchester Fisher Cats : RHP Stephen Marsden
|
Batting: RHB Brick Smith
|
0-0: Called Strike 0-1: Ball 1-1: Ball 2-1: Fly out, F8 (Flyball, 8RM, EV 81.3 MPH)
|
Batting: LHB David Wiggins
|
0-0: Ball 1-0: Called Strike 1-1: Called Strike 1-2: Ball 2-2: SINGLE (Groundball, 6M, EV 83.8 MPH) (infield hit)
|
Batting: LHB Steven Blackman
|
0-0: Called Strike 0-1: Foul Ball, location: 2F 0-2: Ball 1-2: Fly out, F9 (Flyball, 89D, EV 100.0 MPH)
|
Batting: RHB Gary Hargis
|
0-0: Ball 1-0: Ball 2-0: Ball Passed Ball! David Wiggins to second 3-0: Called Strike 3-1: Ground out 5-3 (Groundball, 56S, EV 65.6 MPH)
|
Top of the 9th over - 0 runs, 1 hit, 0 errors, 1 left on base; Pawtucket 1 - Manchester 0 |
BOTTOM OF THE 9TH |
Manchester Fisher Cats batting - Pitching for Pawtucket Paw Sox : LHP John Hobbs
|
Now at 1B: Ted Cox
|
|
Batting: LHB Steve Hammond
|
0-0: Called Strike 0-1: Ground out 6-3 (Groundball, 6MD, EV 103.1 MPH)
|
Batting: SHB Danny Hernandez
|
0-0: Ball 1-0: Ball 2-0: Ball 3-0: Called Strike 3-1: Fly out, F9 (Line Drive, 9D, EV 91.3 MPH)
|
Pinch Hitting: RHB Joe Citari
|
0-0: Called Strike 0-1: Foul Ball, location: 2F 0-2: Foul Ball, location: 2F 0-2: Foul Ball, location: 2F 0-2: Ball 1-2: Fly out, F9 (Flyball, 9, EV 81.9 MPH)
|
Bottom of the 9th over - 0 runs, 0 hits, 0 errors, 0 left on base; Pawtucket 1 - Manchester 0 |
|